 Dungeon Crawl Stone Soup version 0.31-a0-536-ga3e2962e35 (webtiles) character file.

Game seed: 13995982929090593344

35 Morbidden the Conjurer (level 3, -2/25 HPs)
             Began as a Demonspawn Conjurer on Aug 13, 2023.
             Slain by a phantom (4 damage)
             ... on level 2 of the Dungeon.
             The game lasted 00:00:43 (1161 turns).

Morbidden the Conjurer (Demonspawn Conjurer)        Turns: 1161, Time: 00:00:44

Health: -2/25      AC:  2    Str:  5 (7)  XL:     3   Next: 16%
Magic:  4/6        EV: 12    Int: 19 (21) God:
Gold:   76         SH:  0    Dex: 10 (11) Spells: 5/6 levels left

rFire   . . .        (no weapon)
rCold   . . .        (no shield)
rNeg    . . .        a - +0 robe
rPois   .            (no helmet)
rElec   .            (no cloak)
rCorr   .            (no gloves)
SInv    .            (no boots)
Will    .....        (no amulet)
Stlth   ++           (no ring)
HPRegen 0.24/turn    (no ring)
MPRegen 0.10/turn

%: no passive effects
@: invisible
A: demonic touch 1
a: no special abilities


You were on level 2 of the Dungeon.
You visited 1 branch of the dungeon, and saw 2 of its levels.

You collected 76 gold pieces.

Inventory:

Armour
 a - a +0 robe (worn)
Scrolls
 e - a scroll of identify {unknown}
 f - a scroll of enchant weapon {unknown}
 g - a scroll of revelation {unknown}


   Skills:
 * Level 0.4 Fighting
 * Level 0.8 Armour
 * Level 2.0 Dodging
 + Level 1.9 Stealth
 * Level 2.1 Spellcasting
 * Level 4.5 Conjurations


You had 5 spell levels left.
You knew the following spells:

 Your Spells              Type           Power      Damage    Failure   Level
a - Magic Dart            Conj           76%        1d6       2%          1

Your spell library contained the following spells:

 Spells                   Type           Power      Damage    Failure   Level
 Searing Ray              Conj           38%        2d5       4%          2
 Dazzling Flash           Conj/Hex       20%        N/A       21%         3
 Fulminant Prism          Conj/Hex       5%         3d6       54%         4
 Iskenderun's Mystic Bla  Conj/Tloc      10%        2d4       54%         4


Dungeon Overview and Level Annotations

Branches:
Dungeon (2/15)

Altars:


Innate Abilities, Weirdness & Mutations

Your touch may inflict minor irresistible damage on your foes.


Message History

Unknown command.
Unknown command.
The phantom attacks as you move away! The phantom hits you.
* * * LOW HITPOINT WARNING * * *
Casting: Magic Dart (safe; 2% risk of failure)
Confirm with . or Enter, or press ? or * to list all spells.
You don't have enough magic to cast this spell.
Unknown command.
You hit the frilled lizard but do no damage.
Your touch misses the frilled lizard. The frilled lizard bites you.
* * * LOW HITPOINT WARNING * * *
It was a potion of invisibility.
You fade into invisibility!
The frilled lizard misses you.
Unknown command.
It was a potion of degeneration.
There was something very wrong with that liquid.
You feel weakened.
You feel dopey.
You feel clumsy. The frilled lizard barely misses you.
Unknown command.
Magic courses through your body.
Unknown command.
Casting: Magic Dart (safe; 2% risk of failure)
Confirm with . or Enter, or press ? or * to list all spells.
Aiming: Magic Dart (safe; 2% risk of failure)
Press: ? - help, Shift-Dir - straight line, f/p - phantom
Aim: a phantom (moderately damaged, unable to see you, 100% to hit)
The magic dart hits the phantom but does no damage.
The phantom is moderately damaged.
Unknown command.
Unknown command.
Casting: Magic Dart (safe; 2% risk of failure)
Confirm with . or Enter, or press ? or * to list all spells.
Aiming: Magic Dart (safe; 2% risk of failure)
Press: ? - help, Shift-Dir - straight line, f/p - phantom
Aim: a phantom (moderately damaged, unable to see you, 100% to hit)
The magic dart hits the phantom but does no damage.
The phantom is moderately damaged.
The phantom hits you.
You die...

.#.# #.#.##.#
#.#.# .#
..#.##.#
#.#.#### .#
.....##.#
#.#%...# ##.
####.#
#.#.###.#
#.###..##
.......# .
#.###..## ..
#.# #...###.#
#@###......#
#W##......>##.
#l......%.....
####..........
........#####
..........#
...!.......
############


You could see a phantom (unable to see you) and a frilled lizard (unable to see
you).

Vanquished Creatures
  3 dart slugs (D:1)
  2 ball pythons (D:1)
  5 bats
  3 endoplasms (D:1)
  2 giant cockroaches
  A goblin (D:1)
  3 hobgoblins
  2 quokkas
  2 frilled lizards (D:1)
  A kobold (D:1)
  3 rats
27 creatures vanquished.

Notes
Turn   | Place    | Note
-------+----------+-------------------------------------------
     0 | D:1      | Morbidden the Demonspawn Conjurer began the quest for the
                  | Orb.
     0 | D:1      | Reached XP level 1. HP: 13/13 MP: 3/3
   220 | D:1      | Gained mutation: Your touch may inflict minor irresistible
                  | damage on your foes. [demonic ancestry]
   220 | D:1      | Reached XP level 2. HP: 15/19 MP: 0/5
   684 | D:1      | Reached XP level 3. HP: 18/24 MP: 0/6
  1138 | D:2      | Noticed a phantom
  1155 | D:2      | HP: 1/25 [phantom (5)]
  1161 | D:2      | Slain by a phantom

Illustrated notes

Levels and vault maps discovered:
D:1:      minmay_arrival_open_corners, layout_loops_ring
D:2:      layout_loops_ring, kennysheep_generic_room_5

Skill      XL: |  1  2 |
---------------+-------+-----
Dodging        | 2 |  2.0
Fighting       | |  0.4
Armour         | |  0.8
Stealth        | |  1.9
Spellcasting   | |  2.1
Conjurations   | |  4.5

Action                     || total
---------------------------++-------
  Melee: Unarmed           ||    23
         Touch             ||     3
   Cast: Magic Dart        ||    52
    Use: Potion            ||     3
 Armour: Robe              ||     6
  Dodge: Dodged            ||    26

Table legend: (Time is in decaauts)
 A = Elapsed time spent in this place.
 B = Non-inter-level travel time spent in this place.
 C = Inter-level travel time spent in this place.
 D = Time resting spent in this place.
 E = Time spent auto-exploring this place.
 F = Levels seen in this place.
 G = Mean time per level.
                   A        B        C        D        E       F      G
               +--------+--------+--------+--------+--------+-----+--------+
         Total |   1160 |   1134 |     26 |      0 |    998 |   2 |  580.0 |
       Dungeon |   1160 |   1134 |     26 |      0 |    998 |   2 |  580.0 |
               +--------+--------+--------+--------+--------+-----+--------+

Top non-repeatable levels by time:
     D:1: 947 daAuts
     D:2: 213 daAuts
